 Dungeon Crawl Stone Soup version 0.21-a0-85-ga0cb861 (webtiles) character file.

4369 smhtbhfam the Martial Artist (level 10, 0/50 HPs)
             Began as a Vine Stalker Wanderer on June 25, 2017.
             Was a Priest of Hepliaklqana.
             Slain by skittles's ghost (5 damage)
             ... on level 9 of the Dungeon.
             The game lasted 00:32:24 (5278 turns).

smhtbhfam the Martial Artist (VSWn)                 Turns: 5278, Time: 00:32:24

Health: 0/50       AC:  6    Str: 13    XL:     10   Next: 34%
Magic:  0/11       EV: 12    Int: 14    God:    Hepliaklqana [***...]
Gold:   181        SH:  8    Dex: 17    Spells: 9/9 levels left

rFire    . . .     SeeInvis .     - Unarmed
rCold    . . .     Gourm    .   (no shield)
rNeg     + . .     Faith    .   v - +0 ring mail
rPois    .         Spirit   +   (no helmet)
rElec    .         Reflect  +   (no cloak)
rCorr    .         Harm     .   C - +0 pair of gloves
MR       +....                  (no boots)
Stlth    ++........             y - brooch of Shielding {Reflect SH+8}
HPRegen  0.56/turn              z - ring of positive energy
MPRegen  0.12/turn              (no ring)

@: no status effects
A: reduced essence, fangs 3, regeneration 1, magic shield, antimagic bite, no
potion heal 3, rot immunity
a: Recall Ancestor, Ancestor Identity, Transference, Renounce Religion


You were on level 9 of the Dungeon.
You worshipped Hepliaklqana.
Hepliaklqana was most pleased with you.
You were not hungry.

You visited 1 branch of the dungeon, and saw 9 of its levels.

You collected 365 gold pieces.
You spent 184 gold pieces at shops.

Inventory:

Missiles
 b - 5 throwing nets (quivered)
 A - 5 tomahawks
 E - 3 javelins
Armour
 r - a +0 robe
 v - a +0 ring mail (worn)
 C - a +0 pair of gloves (worn)
Jewellery
 y - the brooch of Shielding (around neck) {Reflect SH+8}
   (You found it on level 6 of the Dungeon)

   [amulet of reflection]

   It shields you and reflects attacks.
   It affects your SH (+8).
 z - a ring of positive energy (left hand)
Wands
 h - a wand of scattershot (1/9)
Scrolls
 a - a scroll of blinking {unknown}
 f - 3 scrolls of teleportation
 g - 2 scrolls of enchant weapon {unknown}
 i - 2 scrolls of fog {unknown}
 k - a scroll of fear {unknown}
 l - 5 scrolls of remove curse {@r2}
 m - 4 scrolls of immolation {unknown}
 o - 2 scrolls of noise {unknown}
 p - 2 scrolls of amnesia {unknown}
 q - 2 scrolls of enchant armour {unknown}
 s - 3 scrolls of random uselessness {unknown}
 t - 2 scrolls of identify {@r1}
 w - a scroll of magic mapping {unknown}
Potions
 c - 6 potions of curing {@q1}
 e - a potion of degeneration
 j - 5 potions of mutation {!q}
 u - a potion of magic {unknown}
 D - a potion of might {unknown}
Comestibles
 d - 7 bread rations
 n - 7 fruits
 x - a royal jelly
 B - 3 chunks of flesh


   Skills:
 + Level 8.2 Fighting
 + Level 3.9 Dodging
 - Level 4.8 Stealth
 * Level 11.1 Unarmed Combat
 - Level 1.0 Evocations


You had 9 spell levels left.
You didn't know any spells.

Dungeon Overview and Level Annotations

Branches:
Dungeon (9/15)
 Temple: D:4-7         Lair: D:8-11         Orc: D:9-12

Altars:
Ashenzari
Dithmenos
Hepliaklqana
Uskayaw
Vehumet
Wu Jian
The Shining One

Shops:
D:7 *:%:

Annotations:
D:3 1 runed door
D:4 exclusion: 2 ogres, grindst0ne's ghost, novice FoFi
D:5 Grinder; nikopol's ghost, novice DEFE
D:6 Eustachio
D:7 randart scimitar near ribbit, Prince Ribbit
D:9 skittles's ghost, journeyman HaHu


Innate Abilities, Weirdness & Mutations

You have razor-sharp teeth.
Your natural rate of healing is unusually fast.
When hurt, damage is shared between your health and your magic reserves.
Your bite disrupts and absorbs the magic of your enemies.
Potions cannot restore your health.
You are immune to rotting.
Your life essence is reduced to manifest your ancestor. (-10% HP)


Message History

You hit skittles's ghost but do no damage.
Your punch misses skittles's ghost.
You bite skittles's ghost, but do no damage.
Skittles's ghost is almost destroyed.
You block skittles's ghost's attack.
Ferran closely misses skittles's ghost.
Evoke which item? (* to show all) (? for menu, Esc to quit)
Aiming: Scattershot
Press: ? - help, Shift-Dir - straight line, f - skittles's ghost
Aim: skittles's ghost, wielding a weapon of freezing (almost destroyed)
The burst of metal fragments hits skittles's ghost. x4
Skittles's ghost is almost destroyed.
This wand has 1 charge left.
Skittles's ghost hits you. Skittles's ghost freezes you.
Ferran closely misses skittles's ghost.
You hit skittles's ghost but do no damage.
You bite skittles's ghost, but do no damage.
Skittles's ghost is almost destroyed.
Skittles's ghost hits you!
* * * LOW HITPOINT WARNING * * *
Skittles's ghost freezes you.
You die...

.......# #W# .......# #.#
.......# #.# ..†....# #.#
.......# #.#
...)..)################.#
.................).)))..#
................R..[.)..#
...............W@.......#
#########################


You could see the friendly Ferran the hexer and skittles's ghost.

Vanquished Creatures
  Pikel (D:9)
  Joseph (D:8)
  A hippogriff (D:8)
  Grum (D:8)
  Edmund (D:6)
  A black bear (D:9)
  A phantom (D:8)
  2 ogres
  2 slaves (D:9)
  3 wolves
  A centaur (D:7)
  Blork the orc (D:6)
  2 scorpions
  4 killer bees (D:7)
  3 howler monkeys
  2 crimson imps (D:8)
  A centaur zombie (D:6)
  4 orc wizards
  3 orc priests
  A centaur skeleton (D:8)
  2 hounds
  4 worker ants
  3 gnolls (D:8)
  7 adders
  A river rat (D:3)
  An ooze (D:3)
  2 adder skeletons
  2 dart slugs
  A leopard gecko (D:3)
  21 orcs
  A ball python (D:7)
  3 giant cockroaches
  8 goblins
  A hobgoblin (D:2)
  5 jackals
  10 kobolds
  2 quokkas
  3 bats
  2 frilled lizards
  13 rats
128 creatures vanquished.

Vanquished Creatures (collateral kills)
  A two-headed ogre (D:8)
  An ice beast (D:6)
  A sky beast (D:7)
  A black bear (D:8)
  3 bullfrogs
  A scorpion (D:6)
  A centaur zombie (D:6)
  A howler monkey (D:8)
  A hound (D:7)
  A gnoll shaman (D:8)
  A worker ant (D:7)
  A gnoll (D:8)
  A howler monkey skeleton (D:5)
  An adder skeleton (D:8)
  A leopard gecko (D:8)
  5 orcs
  A goblin (D:3)
  2 jackals
  A quokka (D:6)
26 creatures vanquished.

Vanquished Creatures (others)
  A slave (D:9)
  3 hexers
  2 orcs
6 creatures vanquished.

Grand Total: 160 creatures vanquished

Notes
Turn   | Place    | Note
-------+----------+-------------------------------------------
     0 | D:1      | smhtbhfam the Vine Stalker Wanderer began the quest for the Orb.
     0 | D:1      | smhtbhfam set off with: a +0 leather armour, 3 throwing nets, 2 potions of curing {@q1}, a bread ration, a +0 dagger
     0 | D:1      | Reached XP level 1. HP: 11/11 MP: 2/2
   209 | D:1      | Reached skill level 2 in Unarmed Combat
   209 | D:1      | Reached XP level 2. HP: 12/16 MP: 1/3
   595 | D:2      | Ouch! That really hurt!
   791 | D:2      | HP: 2/16 [worm (6)]
   968 | D:2      | Reached XP level 3. HP: 15/19 MP: 4/4
  1073 | D:2      | Reached skill level 3 in Unarmed Combat
  1497 | D:3      | Found a radiant altar of Vehumet.
  1502 | D:3      | Gained mutation: Your natural rate of healing is unusually fast. [Vine Stalker growth]
  1502 | D:3      | Reached XP level 4. HP: 22/23 MP: 5/5
  1583 | D:4      | Noticed an ogre
  1599 | D:4      | Reached skill level 4 in Unarmed Combat
  1634 | D:4      | Found an ornate altar of the Wu Jian Council.
  1634 | D:4      | Found a faded altar of an unknown god.
  1639 | D:4      | Found a shattered altar of Ashenzari.
  1643 | D:4      | Found a faded altar of an unknown god.
  1644 | D:4      | Found a hide-covered altar of Uskayaw.
  1662 | D:4      | Became a worshipper of Hepliaklqana the Forgotten
  1662 | D:4      | Reached * piety under Hepliaklqana
  1663 | D:4      | this game sure wants me to play hep
  1663 | D:4      | fiiiiine
  1704 | D:4      | Noticed grindst0ne's ghost (novice FoFi)
  1812 | D:3      | Reached XP level 5. HP: 12/24 MP: 3/6
  1901 | D:3      | Found a glowing golden altar of the Shining One.
  1901 | D:3      | Found a runed door.
  1901 | D:3      | Noticed an angel
  2008 | D:3      | where the fuck are the stairs
  2008 | D:3      | ohhhh
  2077 | D:4      | Noticed an ogre
  2124 | D:5      | Entered Level 5 of the Dungeon
  2137 | D:4      | Reached skill level 5 in Unarmed Combat
  2349 | D:6      | Noticed Eustachio
  2412 | D:6      | Reached XP level 6. HP: 20/28 MP: 4/7
  2444 | D:6      | Reached ** piety under Hepliaklqana
  2444 | D:6      | Noticed Edmund
  2449 | D:6      | all these xp bags i can't kill yet
  2535 | D:5      | Noticed Grinder
  2582 | D:5      | Noticed nikopol's ghost (novice DEFE)
  2689 | D:7      | Reached skill level 6 in Unarmed Combat
  2709 | D:7      | Found Jayl's Book Shop.
  2726 | D:7      | Noticed Prince Ribbit
  2909 | D:7      | Noticed a sky beast
  3040 | D:6      | Noticed Blork the orc
  3054 | D:6      | Noticed an ice beast
  3057 | D:6      | Killed Blork the orc
  3057 | D:6      | Reached skill level 7 in Unarmed Combat
  3057 | D:6      | Reached XP level 7. HP: 25/31 MP: 8/8
  3160 | D:6      | Found a shadowy altar of Dithmenos.
  3243 | D:7      | aaand prince ribbit's awake now
  3243 | D:7      | gj you fucking monkey
  3273 | D:7      | Found Ytsocukho's Food Shop.
  3319 | D:7      | Reached skill level 8 in Unarmed Combat
  3444 | D:7      | Remembered your ancestor Ferran as a hexer
  3551 | D:6      | Killed Edmund
  3551 | D:6      | Gained mutation: You have razor-sharp teeth. [Vine Stalker growth]
  3551 | D:6      | Reached XP level 8. HP: 26/35 MP: 5/9
  3633 | D:6      | Reached skill level 9 in Unarmed Combat
  3654 | D:7      | Got a translucent scimitar
  3662 | D:7      | Identified the +5 scimitar "Hijeunecioh" {flame, *Drain Str+5} (You found it on level 7 of the Dungeon)
  3663 | D:7      | >*drain
  3731 | D:7      | Found Ritalack's Assorted Antiques.
  3734 | D:7      | Bought a smoky emerald potion for 22 gold pieces
  3734 | D:7      | Bought a scroll labeled UMUUPTE MIT CEUT for 25 gold pieces
  3734 | D:7      | Bought a scroll labeled BIBAEN YSELUSY for 25 gold pieces
  3734 | D:7      | Bought a pair of gloves for 112 gold pieces
  3861 | D:7      | Reached skill level 3 in Fighting
  3912 | D:7      | Reached skill level 4 in Fighting
  3937 | D:7      | i hoped for lignification
  3937 | D:7      | resistance does the work too, but it's a waste
  3995 | D:7      | where's the 4th shop though
  4048 | D:7      | Found Osuvom's Book Shop.
  4053 | D:7      | ok, statue found
  4053 | D:7      | costs 845 gold
  4081 | D:8      | Reached skill level 5 in Fighting
  4110 | D:7      | Reached skill level 6 in Fighting
  4139 | D:8      | Noticed Grum
  4171 | D:8      | Killed Grum
  4171 | D:8      | Reached XP level 9. HP: 44/44 MP: 10/10
  4198 | D:8      | oh, forgot to turn off fighting
  4201 | D:8      | Noticed Joseph
  4204 | D:8      | Reached skill level 7 in Fighting
  4229 | D:8      | Killed Joseph
  4229 | D:8      | Reached skill level 2 in Dodging
  4356 | D:8      | Noticed a two-headed ogre
  4458 | D:8      | Reached skill level 10 in Unarmed Combat
  4663 | D:8      | Killed a two-headed ogre
  4663 | D:8      | Reached skill level 3 in Dodging
  4663 | D:8      | Reached XP level 10. HP: 28/50 MP: 11/11
  4699 | D:9      | Reached skill level 8 in Fighting
  4747 | D:9      | Noticed a cyan ugly thing
  4799 | D:8      | Reached *** piety under Hepliaklqana
  5046 | D:9      | Noticed Pikel
  5089 | D:9      | Noticed skittles's ghost (journeyman HaHu)
  5110 | D:9      | Killed Pikel
  5110 | D:9      | Reached skill level 11 in Unarmed Combat
  5278 | D:9      | HP: 5/50 [skittles's ghost (10)]
  5278 | D:9      | Slain by skittles's ghost

Vault maps used:
D:1:      kennysheep_arrival_seaside, serial_forest,
          infiniplex_forest_side_room, infiniplex_forest_clump_medium,
          infiniplex_forest_lined_2, infiniplex_forest_end_2,
          infiniplex_forest_end_2, infiniplex_forest_lined_room_,
          infiniplex_forest_straight_2
D:2:      first_bread, grunt_decor_cap
D:3:      vehumet_crystals, portal_sewer_entry_e, lemuel_angel_altar
D:4:      chequers_temple_overflow_minitemple
D:5:      minmay_temple_entry_trees, uniq_grinder
D:6:      grunt_dithmenos_smoke, uniq_blork_the_orc, uniq_edmund, uniq_eustachio
D:7:      serial_shops, shop, shop_coins, nicolae_shop_behind_doors,
          kennysheep_mini_moat, uniq_prince_ribbit1
D:8:      marbit_many_paths, uniq_joseph, uniq_grum
D:9:      uniq_pikel

Skill      XL: |  1  2  3  4  5  6  7  8  9 10 |
---------------+-------------------------------+-----
Unarmed Combat | 2 3 4 5 7 8 9 10 11 | 11.1
Fighting       | 6 7 8 |  8.2
Dodging        | 3 |  3.9
Stealth        | |  4.8
Evocations     | |  1.0

Action                   |  1- 3 |  4- 6 |  7- 9 | 10-12 || total
-------------------------+-------+-------+-------+-------++-------
Melee: Dagger            |    15 |       |       |       ||    15
       Short sword       |    26 |       |       |       ||    26
       Bite              |    12 |    30 |    64 |    32 ||   138
       Quarterstaff      |    51 |    73 |       |       ||   124
       Unarmed           |       |    24 |   226 |   107 ||   357
       Punch             |       |     1 |    11 |     4 ||    16
Invok: Ancestor Life: He |       |       |     1 |       ||     1
       Recall Ancestor   |       |       |     3 |     1 ||     4
Evoke: Wand              |       |       |       |     1 ||     1
  Use: Scroll            |       |     3 |     1 |     1 ||     5
       Potion            |       |       |     2 |       ||     2
 Stab: Sleeping          |    16 |     3 |     2 |     2 ||    23
       Distracted        |       |     1 |     4 |     3 ||     8
       Confused          |       |       |     7 |     2 ||     9
  Eat: Chunk             |     2 |     4 |     5 |     2 ||    13
       Fruit             |       |     2 |       |       ||     2
Armor: Leather armour    |    16 |     8 |       |       ||    24
       Ring mail         |       |    19 |    41 |    11 ||    71
Dodge: Dodged            |    29 |    49 |    78 |    32 ||   188
Block: Other             |       |     5 |    70 |    23 ||    98
       Reflection        |       |       |     4 |     1 ||     5
